 Dungeon Crawl Stone Soup version 0.30-a0-174-gbc10bd73c2 (webtiles) character file.

Game seed: 11283068958899512609

434 qw the Chopper (level 7, 0/44 HPs)
             Began as a Gargoyle Fighter on Oct 1, 2022.
             Slain by Duvessa
             ... wielding a +3 short sword of venom
              (4 damage)
             ... on level 4 of the Dungeon.
             The game lasted 00:01:17 (2642 turns).

qw the Chopper (Gargoyle Fighter)                   Turns: 2642, Time: 00:01:18

Health: 0/44       AC: 15    Str: 21    XL:     7   Next: 0%
Magic:  7/7        EV:  9    Int:  9    God:
Gold:   170        SH:  4    Dex:  9    Spells: 6/6 levels left

rFire   . . .      SeeInvis .    Y - +0 war axe
rCold   . . .      Faith    .    c - +0 buckler
rNeg    + . .      Spirit   .    b - +0 scale mail
rPois   inf        Reflect  .    p - +0 helmet
rElec   +          Harm     .    (no cloak)
rCorr   .          Rampage  .    q - +2 pair of gloves
Will    .....                    (no boots)
Stlth   ..........               (no amulet)
HPRegen 0.27/turn                (no ring)
MPRegen 0.10/turn                (no ring)

@: about to teleport
A: sickness immunity, AC +4, negative energy resistance 1, electricity
resistance, torment resistance 1, petrification resistance
a: no special abilities


You were on level 4 of the Dungeon.
You visited 1 branch of the dungeon, and saw 4 of its levels.

You collected 191 gold pieces.
You spent 21 gold pieces at shops.


Innate Abilities, Weirdness & Mutations

You are immune to sickness and miasma.
Your stone body is resilient. (AC +4)
You are immune to poison.
You resist negative energy. (rN+)
You are resistant to electric shocks. (rElec)
You are resistant to unholy torment.
You are immune to petrification.


   Skills:
 - Level 4.7 Fighting
 + Level 5.3 Axes
 - Level 3.2 Armour
 - Level 2.0 Dodging
 - Level 3.2 Shields


You had 6 spell levels left.
You didn't know any spells.
Your spell library was empty.

Inventory:

Hand Weapons
 a - a +0 whip
 Y - a +0 war axe (weapon)
Missiles
 f - 2 boomerangs (quivered)
Armour
 b - a +0 scale mail (worn)
 c - a +0 buckler (worn)
 i - a +0 plate armour
 p - a +0 helmet (worn)
 q - a +2 pair of gloves (worn)
Scrolls
 e - a scroll of identify
Potions
 d - 2 potions of might
 g - a potion of lignification
 h - a potion of haste
 j - 2 potions of attraction
 k - a potion of curing
 l - a potion of mutation
 m - a potion of degeneration {unknown}

Dungeon Overview and Level Annotations

Branches:
Dungeon (4/15)
 Temple: D:4-7

Altars:
Nemelex Xobeh
Ru
Uskayaw

Shops:
D:1 *   D:2 *

Annotations:
D:4 Duvessa


Message History

Duvessa hits you with a +3 short sword of venom.
Dowan barely misses you.
You slash Duvessa!
Duvessa is heavily wounded.
You slash Dowan!
Duvessa hits you with a +3 short sword of venom.
Dowan barely misses you.
You slash Duvessa!
Duvessa is almost dead.
You hit Dowan. Duvessa hits you but does no damage. You block Dowan's attack.
Duvessa hits you but does no damage.
Dowan casts a spell at Duvessa.
Duvessa seems to speed up.
You hit Duvessa but do no damage.
Duvessa is almost dead.
You hit Dowan but do no damage. You block Duvessa's attack.
Dowan hits you but does no damage.
You closely miss Duvessa.
Duvessa is almost dead.
You slash Dowan! Duvessa barely misses you.
Duvessa drinks a potion.
Duvessa is healed!
Dowan hits you but does no damage.
Duvessa hits you with a +3 short sword of venom.
You slash Dowan!
You kill Dowan!
Duvessa screams, "No!
How DARE you!"
Duvessa goes berserk!
You hit Duvessa.
Duvessa hits you with a +3 short sword of venom!
Duvessa hits you but does no damage.
You have reached level 7!
2641 ||| READING scroll of teleportation.
As you read the scroll of teleportation, it crumbles to dust.
You feel strangely unstable. Duvessa closely misses you.
You closely miss Duvessa.
Duvessa is moderately wounded.
Duvessa closely misses you.
Duvessa hits you with a +3 short sword of venom.
You die...

..# #...........# ..#
...... ##..........# ..
...... #............ #
...... ###?#......... ##
......#####...####......
.#
.........##...####..###.
.##
..........#..###....####
..#
......)......#........#
...
......e@............###
...
.?.......#..##......#
...
.........#.........##
... ..........#..#.....#
#.. ..........###......#
# . ....#..........#####
.....#.#......## #.
#..!.########## .#


You could see Duvessa (berserk, fast).

Vanquished Creatures
  2 ogres (D:4)
  Dowan (D:4)
  An orc priest (D:3)
  An iguana (D:4)
  Terence (D:3)
  Robin (D:2)
  4 adders
  A worm (D:2)
  3 dart slugs (D:2)
  2 orcs (D:3)
  4 bats
  4 endoplasms
  2 giant cockroaches
  15 goblins
  9 hobgoblins
  6 jackals (D:3)
  4 quokkas (D:2)
  4 ball pythons
  A frilled lizard (D:2)
  9 kobolds
  4 rats
79 creatures vanquished.

Notes
Turn   | Place    | Note
-------+----------+-------------------------------------------
     0 | D:1      | qw the Gargoyle Fighter began the quest for the Orb.
     0 | D:1      | Reached XP level 1. HP: 14/14 MP: 1/1
     0 | D:1      | 0 ||| qw: Version: 0.2-a-13-gfc7b4b4
     0 | D:1      | 0 ||| qw: Game counter: 1895
     0 | D:1      | 0 ||| qw: Always use a shield: true
     0 | D:1      | 0 ||| qw: God list: Okawaru
     0 | D:1      | 0 ||| qw: Allow faded altars: false
     0 | D:1      | 0 ||| qw: Do Orc after D:15 true
     0 | D:1      | 0 ||| qw: Do second Lair branch before Depths: true
     0 | D:1      | 0 ||| qw: Lair rune preference: random
     0 | D:1      | 0 ||| qw: Plans: Normal, Zot:1-4, God:TSO, Crypt, Tomb,
                  | Pan, Slime:5, Hells, Abyss, Orb
     0 | D:1      | 0 ||| PLANNING D:1-11
    54 | D:1      | You fall into a shaft and drop 1 floor!
    60 | D:2      | Reached skill level 2 in Axes
    73 | D:2      | Found a faded altar of an unknown god.
    97 | D:2      | Found Gaon Eno's General Store.
   104 | D:2      | 104 ||| SHOPLISTING +0 chain mail (45 gold, have 19).
   104 | D:2      | 104 ||| SHOPLISTING +3 chain mail of Yhith {rF+ rC++} (510
                  | gold, have 19).
   104 | D:2      | 104 ||| SHOPLISTING potion of might (40 gold, have 19).
   175 | D:2      | Reached XP level 2. HP: 19/19 MP: 2/2
   202 | D:2      | 202 ||| READING scroll labelled INO YGIOLUPLON.
   218 | D:1      | 218 ||| DROPPING +0 club.
   305 | D:1      | 305 ||| Stepping ~*~*~tactically~*~*~ (stealth).
   365 | D:1      | Found Puapsok's Assorted Antiques.
   379 | D:1      | 379 ||| SHOPLISTING 2 fizzy red potions (43 gold, have 40).
   379 | D:1      | 379 ||| BUYING dark potion (21 gold).
   379 | D:1      | Bought a dark potion for 21 gold pieces
   379 | D:1      | 379 ||| SHOPLISTING glowing scarf (192 gold, have 19).
   379 | D:1      | 379 ||| SHOPLISTING golden potion (21 gold, have 19).
   379 | D:1      | 379 ||| SHOPLISTING scroll labelled DUSAGU SEAWA (24 gold,
                  | have 19).
   379 | D:1      | 379 ||| SHOPLISTING scroll labelled PEJUWU WEWONK (24 gold,
                  | have 19).
   554 | D:1      | Reached skill level 3 in Axes
   561 | D:1      | 561 ||| READING 5 scrolls labelled PEJUWU WEWONK.
   562 | D:1      | 562 ||| READING 2 scrolls labelled CAUZXI HAGU.
   563 | D:1      | 563 ||| READING scroll labelled BIOGIY HIME.
   564 | D:1      | 564 ||| DRINKING 2 sapphire potions.
   565 | D:1      | 565 ||| READING 4 scrolls of identify.
   565 | D:1      | 565 ||| IDENTIFYING golden potion
   566 | D:1      | 566 ||| READING 3 scrolls of identify.
   566 | D:1      | 566 ||| IDENTIFYING bubbling silvery potion
   567 | D:1      | 567 ||| READING 2 scrolls of identify.
   567 | D:1      | 567 ||| IDENTIFYING dark potion
   568 | D:1      | 568 ||| DROPPING potion of flight.
   689 | D:2      | Reached XP level 3. HP: 19/23 MP: 3/3
   732 | D:2      | 732 ||| Stepping ~*~*~tactically~*~*~ (stealth).
   807 | D:2      | 807 ||| Stepping ~*~*~tactically~*~*~ (stealth).
   825 | D:2      | 825 ||| Stepping ~*~*~tactically~*~*~ (stealth).
   845 | D:2      | Reached XP level 4. HP: 28/28 MP: 4/4
   876 | D:2      | Noticed Robin
   877 | D:2      | 877 ||| Stepping ~*~*~tactically~*~*~ (hiding).
   885 | D:2      | Killed Robin
   886 | D:2      | Reached skill level 4 in Axes
   909 | D:2      | 909 ||| Stepping ~*~*~tactically~*~*~ (stealth).
   916 | D:2      | 916 ||| Stepping ~*~*~tactically~*~*~ (stealth).
   929 | D:2      | 929 ||| Stepping ~*~*~tactically~*~*~ (stealth).
  1035 | D:2      | 1035 ||| DROPPING +1 hand axe of electrocution.
  1251 | D:2      | 1251 ||| UPGRADING to +0 helmet.
  1256 | D:2      | 1256 ||| UPGRADING to +0 pair of gloves.
  1261 | D:2      | 1261 ||| READING 2 scrolls of enchant armour.
  1261 | D:2      | 1261 ||| ENCHANTING +0 pair of gloves.
  1262 | D:2      | 1262 ||| READING scroll of enchant armour.
  1262 | D:2      | 1262 ||| ENCHANTING +1 pair of gloves.
  1263 | D:2      | 1263 ||| READING scroll labelled SUSIALYITA.
  1264 | D:2      | 1264 ||| READING 2 scrolls labelled VOHYH LYNKOPOK.
  1265 | D:2      | 1265 ||| READING scroll labelled COLIMP NIMMUEH.
  1266 | D:2      | 1266 ||| READING scroll labelled GANAIFIAW.
  1367 | D:2      | 1367 ||| READING scroll labelled COFIPH DAISIU.
  1368 | D:2      | 1368 ||| READING 3 scrolls of identify.
  1368 | D:2      | 1368 ||| IDENTIFYING ruby potion
  1369 | D:2      | 1369 ||| READING 2 scrolls of identify.
  1369 | D:2      | 1369 ||| IDENTIFYING sedimented inky potion
  1370 | D:2      | 1370 ||| DROPPING scroll of amnesia.
  1371 | D:2      | 1371 ||| DROPPING potion of ambrosia.
  1372 | D:2      | 1372 ||| DROPPING potion of brilliance.
  1387 | D:3      | 1387 ||| Stepping ~*~*~tactically~*~*~ (hiding).
  1397 | D:3      | Reached XP level 5. HP: 15/32 MP: 5/5
  1479 | D:3      | Noticed Terence
  1485 | D:3      | Killed Terence
  1530 | D:3      | Found a sparkling altar of Nemelex Xobeh.
  1652 | D:3      | Found a sacrificial altar of Ru.
  1665 | D:3      | Reached skill level 5 in Axes
  1799 | D:3      | Found a hide-covered altar of Uskayaw.
  2088 | D:3      | 2088 ||| READING scroll labelled VOSU KIJYCHE.
  2089 | D:3      | 2089 ||| READING scroll labelled JOAF TYVUOFF.
  2090 | D:3      | 2090 ||| READING scroll labelled LESCHY QOC IPYH.
  2093 | D:3      | 2093 ||| READING 2 scrolls of identify.
  2093 | D:3      | 2093 ||| IDENTIFYING yellow potion
  2120 | D:3      | 2120 ||| STAIRDANCE
  2124 | D:3      | 2124 ||| STAIRDANCE
  2128 | D:3      | 2128 ||| STAIRDANCE
  2132 | D:3      | 2132 ||| STAIRDANCE
  2136 | D:3      | 2136 ||| STAIRDANCE
  2140 | D:3      | 2140 ||| STAIRDANCE
  2144 | D:3      | 2144 ||| STAIRDANCE
  2148 | D:3      | 2148 ||| STAIRDANCE
  2152 | D:3      | 2152 ||| STAIRDANCE
  2156 | D:3      | 2156 ||| STAIRDANCE
  2160 | D:3      | 2160 ||| STAIRDANCE
  2164 | D:3      | 2164 ||| STAIRDANCE
  2168 | D:3      | 2168 ||| STAIRDANCE
  2172 | D:3      | 2172 ||| STAIRDANCE
  2176 | D:3      | 2176 ||| STAIRDANCE
  2180 | D:3      | 2180 ||| STAIRDANCE
  2184 | D:3      | 2184 ||| STAIRDANCE
  2188 | D:3      | 2188 ||| STAIRDANCE
  2192 | D:3      | 2192 ||| STAIRDANCE
  2196 | D:3      | 2196 ||| STAIRDANCE
  2340 | D:4      | Noticed an ogre
  2347 | D:4      | Killed an ogre
  2348 | D:4      | Reached XP level 6. HP: 39/39 MP: 6/6
  2383 | D:4      | 2383 ||| FLEEEEING.
  2392 | D:4      | 2392 ||| STAIRDANCE
  2428 | D:4      | 2428 ||| Stepping ~*~*~tactically~*~*~ (stealth).
  2429 | D:4      | 2429 ||| Stepping ~*~*~tactically~*~*~ (stealth).
  2430 | D:4      | 2430 ||| Stepping ~*~*~tactically~*~*~ (stealth).
  2431 | D:4      | 2431 ||| Stepping ~*~*~tactically~*~*~ (stealth).
  2432 | D:4      | 2432 ||| Stepping ~*~*~tactically~*~*~ (stealth).
  2625 | D:4      | Noticed Dowan
  2625 | D:4      | Noticed Duvessa
  2640 | D:4      | Killed Dowan
  2640 | D:4      | HP: 3/39 [Duvessa/+3 short sword of venom (12)]
  2641 | D:4      | Reached XP level 7. HP: 4/44 MP: 7/7
  2641 | D:4      | 2641 ||| READING scroll of teleportation.
  2642 | D:4      | Slain by Duvessa

Levels and vault maps discovered:
D:1:      dpeg_arrival_round_c, layout_rooms, serial_shops, shop
D:2:      layout_loops_ring, serial_shops, nicolae_shop_statue_plus,
          shapermc_ecumenical_altar_venn, minmay_randomly_rotated_circles,
          uniq_robin
D:3:      layout_basic, nicolae_ru_path_of_blood,
          eat_drink_and_be_merry_uskayaw, nemelex_spade_bored_becter,
          uniq_terence
D:4:      layout_cave_pools, temple_fountains, dk_noncrumbling_3, uniq_duvessa

Skill      XL: |  1  2  3  4  5  6 |
---------------+-------------------+-----
Axes           | 2 3 4 5 |  5.3
Fighting       | 4 |  4.7
Dodging        | 2 |  2.0
Armour         | |  3.2
Shields        | |  3.2

Action                   |  1- 3 |  4- 6 |  7- 9 || total
-------------------------+-------+-------+-------++-------
Melee: War axe           |    75 |   104 |     1 ||   180
Throw: Boomerang         |       |    30 |       ||    30
  Use: Scroll            |     7 |    13 |     1 ||    21
       Potion            |     1 |       |       ||     1
Armor: Scale mail        |    40 |    67 |       ||   107
Dodge: Dodged            |    34 |    41 |     2 ||    77
Block: Buckler           |    10 |    18 |       ||    28

Table legend:
 A = Non-vault XP
 B = Vault XP
 C = Vault XP percentage of total XP
 D = Non-vault monster count
 E = Vault monster count
 F = Vault count percentage of total count
                 A         B        C        D         E       F
            +---------+---------+-------+---------+---------+-------
      Total |     435 |     185 |  29.8 |      55 |      24 |  30.4
            +---------+---------+-------+---------+---------+-------
        D:1 |      17 |       0 |   0.0 |      11 |       0 |   0.0
        D:2 |      44 |      80 |  64.5 |      15 |      22 |  59.5
        D:3 |      76 |      32 |  29.6 |      19 |       1 |   5.0
        D:4 |     298 |      73 |  19.7 |      10 |       1 |   9.1
            +---------+---------+-------+---------+---------+-------
